 Dungeon Crawl Stone Soup version 0.21-a0-201-g8501b10 (webtiles) character file.

408 tehllama the Insei (level 6, -5/38 HPs)
             Began as an Octopode Transmuter on Aug 19, 2017.
             Slain by Deeps's ghost (10 damage)
             ... on level 3 of the Dungeon.
             The game lasted 00:07:48 (5231 turns).

tehllama the Insei (Octopode Transmuter)            Turns: 5231, Time: 00:07:49

Health: -5/38      AC:  1    Str: 11    XL:     6   Next: 88%
Magic:  3/3        EV: 14    Int: 16    God:
Gold:   117        SH:  2    Dex: 14    Spells: 3/9 levels left

rFire    . . .     SeeInvis .   u - +0 hand axe "Lacertilianslayer" {antimagic, rC+ Dex+2} (curse)
rCold    + . .     Gourm    .   (no shield)
rNeg     . . .     Faith    .   (helmet restricted)
rPois    .         Spirit   .   l - +2 amulet of reflection
rElec    .         Reflect  +   (no ring)
rCorr    .         Harm     .   (no ring)
MR       .....                  (no ring)
Stlth    ++++......             (no ring)
HPRegen  0.12/turn              (no ring)
MPRegen  0.08/turn              (no ring)
                                (no ring)
                                (no ring)

@: no status effects
A: almost no armour, stealthy swim, amphibious, 8 rings, constrict 8, camouflage
1, gelatinous body 1
a: no special abilities


You were on level 3 of the Dungeon.
You were hungry.

You visited 1 branch of the dungeon, and saw 4 of its levels.

You collected 117 gold pieces.

Inventory:

Hand Weapons
 u - the cursed +0 hand axe "Lacertilianslayer" (weapon) {antimagic, rC+ Dex+2}
   (You found it on level 4 of the Dungeon)

   It reduces the magical energy of the wielder, and disrupts the spells and
   magical abilities of those hit.
   Natural abilities and divine invocations are not affected.
   It affects your dexterity (+2).
   It protects you from cold.
   It has a curse placed upon it.
Missiles
 a - 37 arrows
 t - 15 poisoned needles
Jewellery
 l - a +2 amulet of reflection (around mantle)
Wands
 v - a wand of digging (24/24)
Scrolls
 e - 2 scrolls of enchant armour
 g - 4 scrolls of teleportation
 r - a scroll of recharging
Potions
 d - a potion of magic
 h - a potion of resistance
 i - a potion of mutation {unknown}
 m - a potion of haste {unknown}
 n - 2 potions of brilliance
 p - a potion of heal wounds {unknown}
 q - a potion of curing {unknown}
Books
 b - a book of Changes

   Spells                             Type                      Level
   a - Beastly Appendage              Transmutation                1
   b - Sticks to Snakes               Transmutation                2
   c - Spider Form                    Transmutation/Poison         3
   d - Ice Form                       Ice/Transmutation            4
   e - Blade Hands                    Transmutation                5
Comestibles
 c - 4 bread rations


   Skills:
 - Level 1.0 Fighting
 + Level 2.4 Dodging
 + Level 5.1 Stealth
 * Level 5.7 Unarmed Combat
 + Level 2.2 Spellcasting
 * Level 2.8 Transmutations
 + Level 0.5 Poison Magic


You had 3 spell levels left.
You knew the following spells:

 Your Spells              Type           Power        Failure   Level  Hunger
a - Beastly Appendage     Tmut           ##....       6%          1    #......
b - Sticks to Snakes      Tmut           ##......     10%         2    ###....
c - Spider Form           Tmut/Pois      #.........   30%         3    ###....


Dungeon Overview and Level Annotations

Branches:
Dungeon (4/15)
 Temple: D:4-7

Altars:
Fedhas
Okawaru
Ru
Uskayaw
Xom

Annotations:
D:3 Deeps's ghost, amateur GrFi


Innate Abilities, Weirdness & Mutations

You cannot wear most types of armour.
You are very stealthy in the water. (Stealth+)
You are amphibious.
You can wear up to eight rings at the same time.
You can use your tentacles to constrict eight enemies at once.
Your skin changes colour to match your surroundings (Stealth+).
Your rubbery body absorbs attacks. (AC +1, EV +1)


Message History

The cursed +0 hand axe "Lacertilianslayer" {antimagic, rC+ Dex+2} unmelds from your body.
You feel magic leave you.
There is a stone staircase leading up here.
You block the ogre's attack.
You climb upwards.
Level annotation: Deeps's ghost, amateur GrFi Deeps's ghost hits you.
Deeps's ghost closely misses you.
There is a stone staircase leading down here.
Deeps's ghost makes a sound of rattling chains.
You barely miss Deeps's ghost. Deeps's ghost closely misses you.
You closely miss Deeps's ghost.
Deeps's ghost shouts, "What do you have that I didn't have?"
Deeps's ghost misses you.
Deeps's ghost takes a fighting stance.
Deeps's ghost hits you!
* * * LOW HITPOINT WARNING * * *
You hit Deeps's ghost but do no damage.
You squeeze Deeps's ghost, but do no damage.
Deeps's ghost hits you!
You die...

#.# #.##.# #.#
#.##.# #.#
##########.##.#
#.###.............#
#.....########.####
####### #.# #.#
###############.#
###............W@.#
...>###############
#####


You could see Deeps's ghost.

Vanquished Creatures
  An ogre (D:4)
  A hound (D:3)
  2 orc priests (D:3)
  Jessica (D:3)
  Terence (D:2)
  An orc wizard (D:3)
  A worker ant (D:4)
  Robin (D:2)
  4 adders
  An ooze (D:2)
  4 worms
  3 dart slugs
  8 orcs (D:3)
  8 bats
  A giant cockroach (D:1)
  11 goblins
  9 hobgoblins
  A quokka (D:3)
  A ball python (D:4)
  A frilled lizard (D:1)
  3 kobolds
  8 rats
  A plant (D:2)
73 creatures vanquished.

Notes
Turn   | Place    | Note
-------+----------+-------------------------------------------
     0 | D:1      | tehllama the Octopode Transmuter began the quest for the Orb.
     0 | D:1      | Reached XP level 1. HP: 13/13 MP: 3/3
   335 | D:1      | Reached XP level 2. HP: 18/18 MP: 5/5
  1114 | D:2      | Reached XP level 3. HP: 23/23 MP: 4/6
  1234 | D:2      | Found a hide-covered altar of Uskayaw.
  1234 | D:2      | Found a blossoming altar of Fedhas.
  1236 | D:2      | Found an iron altar of Okawaru.
  1251 | D:2      | Reached skill level 1 in Stealth
  1252 | D:2      | Noticed Robin
  1322 | D:2      | HP: 1/23 [hobgoblin[Robin] (1)]
  1351 | D:2      | Found a sacrificial altar of Ru.
  1416 | D:2      | Killed Robin
  1416 | D:2      | Reached XP level 4. HP: 7/28 MP: 5/7
  2090 | D:2      | Noticed Terence
  2104 | D:2      | Killed Terence
  2656 | D:2      | Learned a level 2 spell: Sticks to Snakes
  2660 | D:2      | Learned a level 3 spell: Spider Form
  2908 | D:3      | Reached skill level 5 in Unarmed Combat
  2908 | D:3      | Reached XP level 5. HP: 20/33 MP: 6/8
  3458 | D:3      | Reached XP level 6. HP: 38/38 MP: 9/9
  3762 | D:3      | Noticed Jessica
  3772 | D:3      | Killed Jessica
  3859 | D:3      | Noticed Deeps's ghost (amateur GrFi)
  4700 | D:2      | Found a shimmering altar of Xom.
  4932 | D:4      | Reached skill level 5 in Stealth
  5150 | D:4      | Got a twisted hand axe
  5151 | D:4      | Identified the cursed +0 hand axe "Lacertilianslayer" {antimagic, rC+ Dex+2} (You found it on level 4 of the Dungeon)
  5231 | D:3      | Slain by Deeps's ghost

Vault maps used:
D:1:      saegor_arrival_simple_b, kennysheep_boxes
D:2:      lemuel_upstairs_altar, nicolae_ru_awakened_eye,
          gammafunk_temple_overflow_forgotten, uniq_terence, uniq_robin
D:3:      first_bread, uniq_jessica
D:4:      nemelex_xobeh_ov_fountains_minmay

Skill      XL: |  1  2  3  4  5  6 |
---------------+-------------------+-----
Unarmed Combat | 4 5 |  5.7
Stealth        | 1 3 4 5 |  5.1
Fighting       | |  1.0
Dodging        | |  2.4
Spellcasting   | |  2.2
Transmutations | |  2.8
Poison Magic   | |  0.5

Action                   |  1- 3 |  4- 6 || total
-------------------------+-------+-------++-------
Melee: Unarmed           |    72 |   132 ||   204
       Constrict         |    22 |    21 ||    43
       Tentacles         |    13 |    17 ||    30
       Kick              |    11 |    21 ||    32
       Punch             |       |     2 ||     2
       Hand axe          |       |     7 ||     7
 Cast: Beastly Appendage |    11 |    22 ||    33
       Spider Form       |       |     6 ||     6
       Sticks to Snakes  |       |     6 ||     6
  Use: Scroll            |       |    10 ||    10
 Stab: Sleeping          |     2 |     8 ||    10
  Eat: Chunk             |     2 |    11 ||    13
       Royal jelly       |       |     1 ||     1
Armor: Skin              |     6 |    11 ||    17
Dodge: Dodged            |    31 |    86 ||   117
Block: Other             |     4 |     9 ||    13
